AoeStats
← lacheisleuk

Black Forest

508951746Analyzed
3v3 RM · 8d ago on Sep 24, 2026· 59m 54s· 6 players
Game mode
Random Map
Map size
Normal (6 player)
Population
200
Speed
Normal
Resources
Standard
Victory
Conquest
Starting age
Dark Age
Ending age
Imperial Age
RankedLock teamsTeams togetherTeam positionsShared explorationLock speedFull tech treeHidden civsTurbo modeCheats
Victory
Defeat
🇩🇪 Byzantines · Germany
965
+17
🇳🇱 Romans · Netherlands
933
+18
🇨🇳 Khmer · China
908
+19
🇷🇺 Danes · Russia
1035
-20
🇷🇺 Khmer · Russia
982
-18
🇰🇿 Byzantines · Kazakhstan
929
-16
lacheisleuk
0:27 Loom
13:55 Feudal Age
16:46 Wheelbarrow
16:16 Double-Bit Axe
16:14 Horse Collar
17:29 Man-at-Arms
18:22 Bloodlines
33:31 Castle Age
32:12 Stone Mining
32:16 Gold Mining
32:10 Man-at-Arms
32:58 Town Watch
34:03 Crossbowman
36:02 Hand Cart
36:18 Caravan
41:16 Fletching
42:01 Heavy Plow
42:37 Ballistas
43:29 Town Patrol
44:56 Husbandry
44:19 Elite Skirmisher
44:21 Pikeman
45:02 Squires
46:51 Long Swordsman
46:54 Light Cavalry
48:18 Bow Saw
48:36 Murder Holes
48:51 Fortified Wall
49:02 Ballistics
48:53 Masonry
48:44 Guard Tower
52:38 Imperial Age
51:39 Bodkin Arrow
51:45 Scale Mail Armor
51:58 Forging
51:49 Padded Archer Armor
53:46 Gold Shaft Mining
52:59 Heavy Scorpion
54:54 Conscription
54:06 Sappers
56:02 Leather Archer Armor
55:53 Scale Barding Armor
57:03 Chemistry
56:27 Guilds
56:54 Crop Rotation
56:00 Cavalier
57:01 Chain Mail Armor
58:01 Architecture
59:46 Ring Archer Armor
59:52 Iron Casting
59:38 Chain Barding Armor
59:45 Halberdier
Hoodie Melo
0:30 Loom
10:46 Feudal Age
15:08 Castle Age
12:58 Double-Bit Axe
13:42 Horse Collar
16:53 Wheelbarrow
16:48 Bow Saw
21:05 Heavy Plow
22:23 Hand Cart
26:36 Gold Mining
26:38 Stone Mining
29:49 Imperial Age
27:12 Pikeman
27:53 Squires
28:16 Elite Skirmisher
29:02 Thumb Ring
29:05 Scale Mail Armor
29:05 Padded Archer Armor
29:18 Forging
28:58 Fletching
29:33 Ballistics
28:55 Treadmill Crane
30:21 Gold Shaft Mining
30:26 Stone Shaft Mining
31:44 Chemistry
30:10 Onager
31:13 Elite Varangian Guard
32:20 Conscription
33:19 Chain Mail Armor
33:39 Iron Casting
33:00 Bodkin Arrow
33:20 Leather Archer Armor
36:09 Plate Mail Armor
35:55 Leather Archer Armor
35:59 Fortified Wall
36:27 Logistica
40:06 Bracer
40:36 Ring Archer Armor
42:07 Halberdier
43:02 Arson
47:02 Hoardings
55:51 Caravan
Ks1lence
1:32 Loom
10:34 Feudal Age
15:32 Castle Age
14:47 Double-Bit Axe
14:44 Horse Collar
30:18 Murder Holes
34:46 Light Cavalry
39:09 Imperial Age
39:41 Wheelbarrow
39:48 Bow Saw
39:58 Double Crossbow
39:57 Gold Mining
39:57 Stone Mining
39:35 Capped Ram
41:27 Heavy Scorpion
43:25 Siege Engineers
45:34 Forging
45:15 Fletching
45:31 Scale Barding Armor
45:58 Siege Ram
46:14 Light Cavalry
47:04 Bloodlines
47:55 Heavy Plow
47:42 Hussar
48:23 Husbandry
50:04 Iron Casting
49:25 Bodkin Arrow
49:51 Chain Barding Armor
50:36 Onager
52:35 Ballistics
53:29 Blast Furnace
52:55 Conscription
53:44 Crop Rotation
53:53 Gold Shaft Mining
59:50 Hand Cart
ASTERIX
0:26 Loom
11:18 Feudal Age
15:35 Castle Age
17:43 Arson
38:04 Double-Bit Axe
41:47 Horse Collar
46:13 Imperial Age
45:07 Wheelbarrow
47:40 Conscription
47:08 Onager
52:02 Hand Cart
52:38 Squires
52:23 Gambesons
оливье
0:28 Loom
13:16 Feudal Age
17:46 Castle Age
16:11 Horse Collar
17:52 Double-Bit Axe
26:29 Heavy Plow
30:51 Squires
30:11 Pikeman
33:34 Imperial Age
33:14 Elite Skirmisher
34:07 Forging
33:58 Scale Mail Armor
33:59 Padded Archer Armor
33:49 Fletching
34:05 Scale Barding Armor
34:02 Gold Mining
34:02 Stone Mining
34:39 Bow Saw
34:38 Halberdier
39:10 Iron Casting
38:51 Chain Mail Armor
38:52 Leather Archer Armor
38:32 Bodkin Arrow
39:13 Ballistics
39:41 Chain Barding Armor
39:55 Husbandry
44:33 Chemistry
44:34 Ring Archer Armor
46:04 Plate Barding Armor
46:00 Plate Mail Armor
47:28 Heavy Camel Rider
48:35 Bombard Tower
48:56 Bracer
49:09 Fortified Wall
53:18 Gambesons
52:53 Man-at-Arms
leonidze
0:58 Loom
12:52 Feudal Age
18:11 Castle Age
16:51 Stone Mining
16:53 Double-Bit Axe
20:36 Bow Saw
20:53 Gold Mining
22:36 Scale Mail Armor
26:09 Forging
25:44 Pikeman
27:16 Wheelbarrow
28:18 Chain Mail Armor
30:19 Gold Shaft Mining
29:15 Man-at-Arms
30:01 Pikeman
33:12 Iron Casting
32:50 Horse Collar
36:47 Imperial Age
35:57 Hand Cart
36:31 Long Swordsman
38:15 Double Crossbow
38:54 Heavy Scorpion
39:07 Capped Ram
41:34 Light Cavalry
42:25 Bloodlines
42:15 Husbandry
41:45 Siege Ram
42:43 Hussar
45:35 Blast Furnace
45:13 Ballistics
48:49 Chemistry
48:02 Fortified Wall
50:34 Heavy Plow
52:18 Siege Engineers
52:13 Halberdier
56:41 Crop Rotation
Connection lost

Rejoining the realm…

Still unreachable

The connection could not be restored.

Session expired

The server has moved on; the page needs a fresh start.